 Dungeon Crawl Stone Soup version 0.29-a0-994-gc5c9f59d18 (webtiles) character file.

Game seed: 4360904459965248851

884 IdlyInterested the Poker (level 7, 0/56 HPs)
             Began as a Demonspawn Fighter on Aug 3, 2022.
             Slain by a water moccasin (5 damage)
             ... on level 5 of the Dungeon.
             The game lasted 00:12:24 (4433 turns).

IdlyInterested the Poker (Demonspawn Fighter)       Turns: 4433, Time: 00:12:25

Health: 0/56       AC: 20    Str: 16    XL:     7   Next: 76%
Magic:  7/7        EV: 11    Int: 11    God:
Gold:   286        SH:  0    Dex: 13    Spells: 6/6 levels left

rFire   . . .      SeeInvis .   a - +1 trident
rCold   . . .      Faith    .   c - +1 buckler
rNeg    . . .      Spirit   .   m - +0 chain mail
rPois   .          Reflect  .   (no helmet)
rElec   .          Harm     .   g - +0 cloak
rCorr   .          Rampage  .   o - +2 pair of gloves
Will    .....                   (no boots)
Stlth   ..........              (no amulet)
HPRegen 0.18/turn               h - +4 ring of protection
MPRegen 0.10/turn               e - +4 ring of evasion

@: confused, lethally poisoned (0 -> -6), ambrosia-drunk
A: yellow scales 2, foul stench 2, powered by death 1, weakness stinger 1
a: no special abilities


You were on level 5 of the Dungeon.
You visited 1 branch of the dungeon, and saw 5 of its levels.

You collected 286 gold pieces.

Inventory:

Hand Weapons
 a - a +1 trident (weapon)
Missiles
 k - 4 poisoned darts (quivered)
Armour
 c - a +1 buckler (worn)
 g - a +0 cloak (worn)
 m - a +0 chain mail (worn)
 o - a +2 pair of gloves (worn)
Jewellery
 e - a +4 ring of evasion (right hand)
 h - a +4 ring of protection (left hand)
 u - a ring of flight
Wands
 f - a wand of roots (6)
Scrolls
 b - 3 scrolls of identify
 n - 2 scrolls of amnesia
Potions
 d - 2 potions of might
 i - a potion of ambrosia
 l - a potion of brilliance
 r - 3 potions of curing
 s - a potion of mutation


   Skills:
 + Level 5.1 Fighting
 * Level 6.1 Polearms
 + Level 3.0 Armour
 - Level 2.0 Dodging
 - Level 2.0 Stealth
 - Level 2.6 Shields
 - Level 2.0 Evocations


You had 6 spell levels left.
You didn't know any spells.
Your spell library contained the following spells:

 Spells                   Type           Power      Damage    Failure   Level
 Foxfire                  Conj/Fire      0%         2x1d4     100%        1
 Conjure Flame            Conj/Fire      0%         6-21      100%        3
 Inner Flame              Hex/Fire       0%         N/A       100%        3
 Flame Wave               Conj/Fire      0%         2d4       100%        4


Dungeon Overview and Level Annotations

Branches:
Dungeon (5/15)
 Temple: D:4-7

Altars:

Shops:
D:2 (   D:4 ?

Annotations:
D:5 Prince Ribbit


Innate Abilities, Weirdness & Mutations

You are mostly covered in yellow scales. (AC +3)
You sometimes emit foul miasma when damaged in melee.
You regenerate a little health from kills.
You have a small tail.


Message History

The black bear bites you but does no damage.
The black bear claws you but does no damage.
The black bear barely misses you. You block the water moccasin's attack.
You puncture the black bear!
Your tail-slap misses the black bear.
The black bear is almost dead.
You feel very sick. Prince Ribbit barely misses you.
The water moccasin bites you but does no damage.
The gnoll hits you from afar with a +1 spear of venom!
* * * LOW HITPOINT WARNING * * *
The ogre barely misses you. The gnoll sergeant closely misses you.
The black bear goes berserk!
Prince Ribbit hits you but does no damage.
The water moccasin barely misses you.
You are confused.
You feel invigorated.
You feel sick.
The black bear bites you but does no damage.
The black bear closely misses you.
The black bear claws you but does no damage.
A gnoll comes into view. It is wielding a +0 club.
The gnoll completely misses you. The gnoll sergeant barely misses you.
Prince Ribbit closely misses you.
The water moccasin bites you but does no damage.
The ogre hits you but does no damage. The black bear bites you.
* * * LOW HITPOINT WARNING * * *
The black bear barely misses you.
The black bear claws you but does no damage.
You completely miss the black bear.
The black bear is almost dead.
You feel sick.
The gnoll shouts!
Prince Ribbit hits you but does no damage.
The gnoll hits you but does no damage.
The gnoll sergeant hits you but does no damage.
The black bear bites you!
* * * LOW HITPOINT WARNING * * *
The black bear barely misses you.
The black bear claws you but does no damage.
The water moccasin bites you.
You die...

... .... .. ...
.###.# #.#.g#
#.(..# .
#....#### ...
#ggg....#...
#..#
##...........
#..#@F.#......#.
#hSO........#
##...#.......#
##.###....#.#
... .......
..... .....#.
..h.....?....
........ ...
......


You could see Prince Ribbit, a water moccasin, a black bear (berserk), an ogre,
a gnoll sergeant and 3 gnolls.

Vanquished Creatures
  Grinder (D:4)
  Sigmund (D:4)
  A black bear (D:4)
  An ogre (D:4)
  A centaur (D:5)
  2 howler monkeys
  2 hounds (D:4)
  An iguana (D:4)
  3 adders (D:2)
  A worm (D:4)
  2 dart slugs
  An orc (D:4)
  8 ball pythons
  3 endoplasms
  3 giant cockroaches
  6 goblins
  9 hobgoblins
  8 jackals
  8 kobolds
  2 quokkas
  7 bats
  3 frilled lizards
  7 rats
81 creatures vanquished.

Notes
Turn   | Place    | Note
-------+----------+-------------------------------------------
     0 | D:1      | IdlyInterested the Demonspawn Fighter began the quest for
                  | the Orb.
     0 | D:1      | Reached XP level 1. HP: 18/18 MP: 1/1
   183 | D:1      | Reached skill level 2 in Polearms
   545 | D:1      | Gained mutation: You may rarely emit foul miasma when
                  | damaged in melee. [demonic ancestry]
   545 | D:1      | Reached XP level 2. HP: 24/24 MP: 2/2
   689 | D:1      | Reached skill level 1 in Dodging
  1039 | D:1      | Gained mutation: You have a small tail. [demonic ancestry]
  1039 | D:1      | Reached XP level 3. HP: 25/29 MP: 3/3
  1758 | D:2      | Found Doycuu's Antique Weapon Boutique.
  1919 | D:2      | Gained mutation: You regenerate a little health from kills.
                  | [demonic ancestry]
  1919 | D:2      | Reached XP level 4. HP: 35/35 MP: 4/4
  2510 | D:3      | Found a faded altar of an unknown god.
  3217 | D:4      | Noticed Sigmund
  3231 | D:4      | Killed Sigmund
  3232 | D:4      | Reached skill level 4 in Polearms
  3232 | D:4      | Gained mutation: You sometimes emit foul miasma when
                  | damaged in melee. [demonic ancestry]
  3232 | D:4      | Reached XP level 5. HP: 40/42 MP: 5/5
  3352 | D:4      | Found Meetehac's Magic Scroll Shoppe.
  3357 | D:5      | Entered Level 5 of the Dungeon
  3413 | D:4      | Gained mutation: You are partially covered in yellow
                  | scales. (AC +2) [demonic ancestry]
  3413 | D:4      | Reached XP level 6. HP: 47/48 MP: 6/6
  3496 | D:4      | Reached skill level 1 in Evocations
  3727 | D:4      | Noticed Grinder
  3729 | D:4      | Paralysed by Grinder for 5 turns
  3736 | D:4      | Paralysed by Grinder for 5 turns
  3737 | D:4      | Reached skill level 5 in Polearms
  3737 | D:4      | Gained mutation: You are mostly covered in yellow scales.
                  | (AC +3) [demonic ancestry]
  3737 | D:4      | Reached XP level 7. HP: 47/55 MP: 7/7
  3749 | D:4      | Killed Grinder
  4414 | D:5      | Reached skill level 5 in Fighting
  4416 | D:5      | Noticed Prince Ribbit
  4428 | D:5      | Reached skill level 6 in Polearms
  4433 | D:5      | Slain by a water moccasin

Illustrated notes

Levels and vault maps discovered:
D:1:      tarquinn_simple_flora_water_b, layout_loops_corners
D:2:      kennysheep_big_flooded_room, layout_basic, serial_shops,
          nicolae_shop_crystal
D:3:      layout_basic, hellmonk_ecumenical_altar_heavens_door,
          hangedman_decor_points
D:4:      layout_rooms, nicolae_take_the_stairs, kennysheep_windowed_goal,
          uniq_sigmund, uniq_grinder
D:5:      layout_layer_cave, lemuel_coloured_pillars_altar,
          minmay_temple_entry_poolview, nicolae_shop_sticking_my_neck_out,
          uniq_edmund, uniq_prince_ribbit1, uniq_blork_the_orc

Skill      XL: |  1  2  3  4  5  6  7 |
---------------+----------------------+-----
Polearms       | 2 4 5 6 |  6.1
Dodging        | 1 2 |  2.0
Stealth        | 2 |  2.0
Fighting       | 4 5 |  5.1
Evocations     | 1 2 |  2.0
Armour         | 3 |  3.0
Shields        | |  2.6

Action                   |  1- 3 |  4- 6 |  7- 9 || total
-------------------------+-------+-------+-------++-------
Melee: Trident           |   122 |   118 |    56 ||   296
       Tailslap          |     4 |    14 |    11 ||    29
  Use: Scroll            |     4 |    11 |       ||    15
       Potion            |       |       |     2 ||     2
Armor: Scale mail        |    37 |       |       ||    37
       Chain mail        |    17 |    72 |    68 ||   157
Dodge: Dodged            |    42 |    50 |    53 ||   145
Block: Buckler           |    19 |    30 |    21 ||    70

Table legend: (Time is in decaauts)
 A = Elapsed time spent in this place.
 B = Non-inter-level travel time spent in this place.
 C = Inter-level travel time spent in this place.
 D = Time resting spent in this place.
 E = Time spent auto-exploring this place.
 F = Levels seen in this place.
 G = Mean time per level.
                   A        B        C        D        E       F      G
               +--------+--------+--------+--------+--------+-----+--------+
         Total |   4480 |   3897 |    583 |    310 |   2708 |   5 |  896.0 |
       Dungeon |   4480 |   3897 |    583 |    310 |   2708 |   5 |  896.0 |
               +--------+--------+--------+--------+--------+-----+--------+

Top non-repeatable levels by time:
     D:1: 1544 daAuts
     D:4: 1070 daAuts
     D:3: 957 daAuts
     D:2: 865 daAuts
     D:5: 42 daAuts
